 Dungeon Crawl Stone Soup version 0.30-b1-2-g02819fbbbe (webtiles) character file.

Game seed: 10954042925709245881

35814 redmage the Geomancer (level 14, 0/113 HPs)
             Began as a Meteoran Earth Elementalist on July 31, 2023.
             Was an Elder of Sif Muna.
             Killed from afar by a manticore (14 damage)
             ... with a volley of spikes
             ... on level 1 of the Shoals.
             The game lasted 01:32:23 (4788 turns).

redmage the Geomancer (Meteoran Earth Elementalist) Turns: 4788, Time: 01:32:24

Health: 0/113      AC: 13    Str: 10    XL:     14   Next: 56%
Magic:  0/27       EV: 12    Int: 22    God:    Sif Muna [****..]
Gold:   866        SH:  0    Dex: 15    Spells: 12/30 levels left

rFire   + . .        a - +12 scimitar "Hell-Harrower" {heavy, *Noise rPois Stlth+}
rCold   + . .        (no shield)
rNeg    . . .        v - +0 troll leather armour
rPois   +            k - +2 hat
rElec   .            l - +2 cloak
rCorr   .            F - +0 pair of gloves
SInv    .            u - +1 pair of boots
Will    +....        x - amulet of regeneration
Stlth   +            B - ring of protection from fire
HPRegen 1.98/turn    o - ring of protection from cold
MPRegen 0.20/turn

%: no passive effects
@: spiked, very slightly contaminated, glowing
A: sense surroundings 2, otherworldly, glowing, explore regen
a: Renounce Religion, Channel Magic, Forget Spell, Divine Exegesis


You were on level 1 of the Shoals.
You worshipped Sif Muna.
Sif Muna was greatly pleased with you.
You visited 4 branches of the dungeon, and saw 20 of its levels.
You also visited: Volcano.

You collected 1230 gold pieces.
You spent 364 gold pieces at shops.

Inventory:

Hand Weapons
 a - the +12 scimitar "Hell-Harrower" (weapon) {heavy, *Noise rPois Stlth+}
   (You found it on level 4 of the Lair of Beasts)

   rPois:     It protects you from poison.
   *Noise:    It may make noises in combat.
   Stlth:     It makes you more stealthy.
 c - a +2 rapier of flaming
 C - a +3 bardiche of chaos
 I - a +2 shortbow of flaming
Missiles
 q - 4 datura-tipped darts (quivered)
 w - 2 curare-tipped darts
 y - a throwing net
 Q - 10 boomerangs
Armour
 k - a +2 hat (worn)
 l - a +2 cloak (worn)
 u - a +1 pair of boots (worn)
 v - a +0 troll leather armour (worn)
 D - a +2 leather armour of fire resistance
 F - a +0 pair of gloves (worn)
 R - the +7 Kryia's mail coat {PotionHeal*2 rC+}
   (You took it off an orc priest on level 9 of the Dungeon)

   PotionHeal*2: Potions heal its wearer twice as much.
   rC:        It protects you from cold.
Jewellery
 i - a ring of fire
 o - a ring of protection from cold (right hand)
 x - an amulet of regeneration (around neck)
 B - a ring of protection from fire (left hand)
 P - a ring of see invisible
Wands
 e - a wand of polymorph (6)
 n - a wand of digging (3)
 p - a wand of paralysis (3)
 s - a wand of iceblast (6)
 H - a wand of acid (8)
 K - a wand of mindburst (5)
Scrolls
 d - 4 scrolls of magic mapping
 g - 3 scrolls of enchant armour
 j - 3 scrolls of poison
 J - a scroll of fog
 M - a scroll of enchant weapon
 N - a scroll of silence
Potions
 b - a potion of magic
 h - 3 potions of curing
 m - 2 potions of might
 r - 2 potions of flight
 t - a potion of brilliance
 z - a potion of ambrosia
 E - a potion of experience
 O - a potion of heal wounds {unknown}
Miscellaneous
 L - a piece from Xom's chessboard (15/15)


   Skills:
 + Level 7.5 Fighting
 - Level 13.1 Long Blades
 - Level 5.4 Armour
 - Level 2.4 Dodging
 - Level 1.4 Stealth
 - Level 8.6 Spellcasting
 - Level 8.1 Conjurations
 - Level 5.4 Summonings
 - Level 2.0 Transmutations
 - Level 14.0 Earth Magic
 - Level 7.1 Poison Magic
 - Level 11.7 Invocations


You had 12 spell levels left.
You knew the following spells:

 Your Spells              Type           Power      Damage    Failure   Level
a - Sandblast             Erth           100%       2d20      1%          1
b - Passwall              Tmut/Erth      36%        N/A       1%          2
c - Stone Arrow           Conj/Erth      100%       3d13      1%          3
d - Olgreb's Toxic Radia  Pois           41%        N/A       4%          4
e - Ignition              Fire           4%         3d4       100%        8

Your spell library contained the following spells:

 Spells                   Type           Power      Damage    Failure   Level
 Sting                    Tmut/Pois      100%       1d8       1%          1
 Poisonous Vapours        Pois/Air       50%        N/A       3%          2
 Call Canine Familiar     Summ           33%        N/A       3%          3
 Petrify                  Tmut/Erth      44%        N/A       3%          4
 Leda's Liquefaction      Hex/Erth       20%        N/A       4%          4
 Ignite Poison            Fire/Tmut/Pois 22%        N/A       8%          3
 Slow                     Hex            36%        N/A       9%          1
 Iskenderun's Battlesphe  Conj           45%        2d10      9%          5
 Sticky Flame             Conj/Fire      27%        2d5       17%         4
 Confusing Touch          Hex            9%         N/A       26%         3
 Portal Projectile        Hex/Tloc       18%        N/A       26%         3
 Vampiric Draining        Necr           9%         2d6       26%         3
 Fireball                 Conj/Fire      13%        3d7       43%         5
 Cause Fear               Hex            4%         N/A       65%         4
 Conjure Ball Lightning   Conj/Air       13%        3x3d6     95%         6
 Orb of Destruction       Conj           22%        9d8       95%         7
 Dragon Form              Tmut           9%         N/A       100%        7
 Dragon's Call            Summ           16%        N/A       100%        9


Dungeon Overview and Level Annotations

Branches:
Dungeon (12/15) Zot: 4532  Temple (1/1) D:4 Zot: 558    Lair (5/5) D:9 Zot: 890
 Shoals (2/4) Lair:3 Zot: 1129   Snake (0/4) Lair:2        Slime (0/5) Lair:4
Volcano (visited)
    Orc: D:9-12

Altars:
Ashenzari
Cheibriados
Dithmenos
Elyvilon
Fedhas
Gozag
Kikubaaqudgha
Makhleb
Nemelex Xobeh
Okawaru
Ru
Sif Muna
Trog
Uskayaw
Xom
Yredelemnul
The Shining One
Jiyva

Shops:
D:3 [   D:5 :   D:6 *   D:7 =   D:9 **

Portals:
Hell: Lair:5

Annotations:
D:4 Sigmund
D:7 Dowan; rikstar's ghost, novice MiBe


Innate Abilities, Weirdness & Mutations

You passively map the area around you.
You are easily found by Zot.
You glow in the dark.
You regain HP and MP as you explore.


Message History

The faun shoots a sling bullet.
The sling bullet hits you.
You slice the water elemental!!
The water elemental is almost destroyed.
The merfolk looks as sick as possible! x2; The faun shoots a sling bullet.
The sling bullet completely misses you. The water elemental hits you!
* * * LOW HITPOINT WARNING * * *
Unknown command.
Unknown command.
Unknown command.
Unknown command.
The water elemental attacks as you move away!
The water elemental hits you.
Your toxic aura wanes.
Casting: Ignition
Press: ? - help, Dir - look around, f - activate The air bursts into flame!
The fireball engulfs the merfolk!
The merfolk is almost dead.
The fireball engulfs the water elemental!!
The water elemental is burned terribly!
You destroy the water elemental!
Sif Muna accepts your kill.
The fireball engulfs the merfolk!
You kill the merfolk!
Sif Muna accepts your kill.
The fireball engulfs the faun!
The faun is almost dead.
The fireball engulfs the manticore!!
The manticore is heavily wounded.
The fireball engulfs the manticore!
The manticore is almost dead.
The fireball engulfs the merfolk!!
You kill the merfolk!
Sif Muna accepts your kill. Sif Muna will no longer gift you books.
You hear a shout!
The faun shoots a sling bullet.
The sling bullet hits you!!
* * * LOW HITPOINT WARNING * * *
The manticore flicks its tail.
The volley of spikes hits you!
The barbed spikes become lodged in your body.
You die...

* ,
*#.....~~~~~.....~.~..~.#*
* *
#....~~≈~~~..c.....~~.## ,
#..~..~~~~..§§.....~~..##
,
#..~...~~~~..~~...<.)~).#^
#..~...§~~......##..c~~~..
....H)H.........####.~)~~~
, ,, ,#.).~....# .~~~~~ ,,
,,, *##.......# ..~~~≈ ~ ,
, * ##@....## #.~~~~ ,, ,
,, #####.# *#.~~~ ~ , ,* *
. *.~~~ ~ ~ ~ ,,~, * ~
~~~, , , , ~ ~~ ~~ ~ ~ ~
~~ ,, ** ~ ~ ~ ~ ,, , ~~ ~
~~ ~~~ ~ ~~ ,, * ~~ ~ ~ ~
~ *


You could see a faun (poisoned) and a manticore (poisoned).

Vanquished Creatures
  A merfolk javelineer (Shoals:2)
  2 hydras
  A centaur warrior (D:11)
  A two-headed ogre (D:8)
  A sixfirhy (Lair:5)
  A sea snake (Shoals:2)
  A wizard (Lair:5)
  3 manticores
  A salamander (Volcano)
  17 elephants
  3 fauns (Shoals:1)
  7 black mambas
  A smoke demon (Lair:5)
  7 cane toads
  A gargoyle (D:12)
  2 orange demons (Lair:5)
  Psyche (D:8)
  2 rime drakes (Lair:5)
  An efreet (D:12)
  6 komodo dragons
  A red devil (Lair:5)
  3 merfolk
  A wind drake (Lair:3)
  7 polar bears
  2 ice devils (Lair:5)
  A troll (D:7)
  3 blink frogs (Lair:5)
  A water elemental (Shoals:1)
  A vampire (D:12)
  2 wyverns (D:9)
  3 wraiths
  30 yaks
  A fire bat (Volcano)
  An acid dragon (D:9)
  15 water moccasins
  Duvessa (D:7)
  5 hell hounds (Lair:5)
  3 orc warriors
  A black bear (D:6)
  An ice beast (D:8)
  An ogre (D:4)
  5 wolves (Lair:5)
  4 centaurs
  4 kobold brigands
  2 bullfrogs
  A gnoll sergeant (D:9)
  2 scorpions
  2 howler monkeys
  4 jellies
  8 orc priests
  3 hounds
  A sleepcap (D:6)
  5 orc wizards
  4 hell rats (Lair:4)
  6 gnolls
  An adder (D:5)
  3 river rats (Lair:4)
  2 shadow imps
  A white imp (D:7)
  2 worms
  3 dart slugs
  17 orcs
  3 endoplasms
  A giant cockroach (D:1)
  6 goblins
  2 hobgoblins
  2 quokkas
  3 ball pythons
  24 kobolds
  5 rats
270 creatures vanquished.

Vanquished Creatures (collateral kills)
  An elephant (Lair:3)
1 creature vanquished.

Vanquished Creatures (others)
  A merfolk aquamancer (Shoals:1)
  A merfolk (Shoals:1)
  A fire bat (Volcano)
  27 fungi
  35 plants
65 creatures vanquished.

Grand Total: 336 creatures vanquished

Notes
Turn   | Place    | Note
-------+----------+-------------------------------------------
     0 | D:1      | redmage the Meteoran Earth Elementalist began the quest for
                  | the Orb.
     0 | D:1      | Reached XP level 1. HP: 14/14 MP: 5/5
   103 | D:1      | Reached XP level 2. HP: 15/20 MP: 1/6
   111 | D:1      | Reached skill level 4 in Earth Magic
   229 | D:1      | Learned a level 2 spell: Passwall
   294 | D:2      | Reached XP level 3. HP: 26/26 MP: 6/8
   306 | D:2      | Learned a level 3 spell: Stone Arrow
   454 | D:4      | Found a staircase to the Ecumenical Temple.
   459 | Temple   | Entered the Ecumenical Temple
   480 | Temple   | Became a worshipper of Sif Muna the Loreminder
   511 | D:4      | Noticed Sigmund
   511 | D:4      | Noticed an ogre
   532 | D:5      | Entered Level 5 of the Dungeon
   533 | D:5      | Noticed a water moccasin
   537 | D:5      | Killed a water moccasin
   538 | D:5      | Reached skill level 5 in Earth Magic
   538 | D:5      | Reached XP level 4. HP: 33/33 MP: 5/9
   538 | D:5      | Reached XP level 5. HP: 38/38 MP: 5/10
   555 | D:4      | Reached XP level 6. HP: 45/45 MP: 1/11
   575 | D:4      | Killed an ogre
   619 | D:3      | Found Qyot's Antique Armour Shoppe.
   648 | D:5      | Noticed a yak
   648 | D:5      | Noticed a yak
   648 | D:5      | Noticed a yak
   648 | D:5      | Noticed a yak
   686 | D:5      | Found Lostro's Book Shop.
   708 | D:5      | Reached XP level 7. HP: 50/50 MP: 10/12
   757 | D:5      | Reached skill level 5 in Conjurations
   777 | D:5      | Noticed a water moccasin
   782 | D:5      | Killed a water moccasin
   783 | D:5      | Reached skill level 6 in Earth Magic
   819 | D:6      | Found Zeodef's Assorted Antiques.
   844 | D:6      | Bought a scroll labelled GOOMPEZ VINKIZIE for 27 gold
                  | pieces
   844 | D:6      | Bought a bubbling ruby potion for 24 gold pieces
   844 | D:6      | Bought a fuming amethyst potion for 24 gold pieces
   844 | D:6      | Bought a fuming dark potion for 24 gold pieces
   849 | D:6      | Reached XP level 8. HP: 57/57 MP: 0/13
   886 | D:6      | Reached skill level 5 in Invocations
   892 | D:7      | Noticed Duvessa
   892 | D:7      | Noticed Dowan
   895 | D:7      | Killed Duvessa
   951 | D:6      | Reached * piety under Sif Muna
   952 | D:6      | Reached skill level 7 in Earth Magic
   981 | D:7      | Found Xeingoupt's Jewellery Boutique.
  1001 | D:7      | Noticed a troll
  1155 | D:7      | Killed a troll
  1156 | D:7      | Gained mutation: You passively map the area around you.
                  | [Meteoran growth]
  1156 | D:7      | Reached XP level 9. HP: 62/62 MP: 1/15
  1191 | D:7      | Noticed a manticore
  1204 | D:7      | Noticed rikstar's ghost (novice MiBe)
  1224 | D:7      | Reached skill level 8 in Earth Magic
  1313 | D:7      | Killed a manticore
  1342 | D:8      | Noticed a two-headed ogre
  1348 | D:8      | Killed a two-headed ogre
  1349 | D:8      | Reached skill level 1 in Fighting
  1349 | D:8      | Reached skill level 1 in Armour
  1349 | D:8      | Reached skill level 9 in Earth Magic
  1349 | D:8      | Reached XP level 10. HP: 73/73 MP: 4/17
  1502 | D:10     | Entered Level 10 of the Dungeon
  1552 | D:8      | Noticed Psyche
  1554 | D:8      | Killed Psyche
  1595 | D:9      | Found Hohu's Specific Store.
  1595 | D:9      | Found Nemeehi's General Store.
  1629 | D:8      | Reached skill level 10 in Earth Magic
  1718 | D:8      | Reached skill level 5 in Spellcasting
  1747 | D:9      | Reached ** piety under Sif Muna
  1826 | D:9      | Found a staircase to the Lair.
  1876 | D:9      | Reached XP level 11. HP: 83/83 MP: 14/20
  1879 | D:9      | Reached skill level 11 in Earth Magic
  1915 | Lair:1   | Entered Level 1 of the Lair of Beasts
  1959 | Lair:1   | Found a dark tunnel.
  2000 | Volcano  | Entered a volcano
  2016 | Volcano  | Noticed a salamander
  2019 | Volcano  | Reached skill level 5 in Armour
  2025 | Volcano  | Killed a salamander
  2029 | Volcano  | Reached skill level 10 in Invocations
  2082 | Volcano  | Noticed a two-headed ogre
  2082 | Volcano  | Noticed a salamander
  2142 | Lair:2   | Learned a level 3 spell: Call Canine Familiar
  2167 | Lair:3   | Reached skill level 1 in Summonings
  2167 | Lair:3   | Reached skill level 12 in Earth Magic
  2186 | Lair:3   | Found a staircase to the Shoals.
  2186 | Lair:3   | Noticed a manticore
  2201 | Lair:3   | HP: 1/85 [manticore (5)]
  2211 | Lair:3   | Killed a manticore
  2215 | Lair:3   | Noticed an elephant
  2215 | Lair:3   | Noticed an elephant
  2221 | Lair:3   | Noticed an elephant
  2221 | Lair:3   | Noticed an elephant
  2322 | Lair:2   | Reached *** piety under Sif Muna
  2390 | Lair:2   | Reached XP level 12. HP: 57/93 MP: 19/24
  2449 | Lair:3   | Reached skill level 13 in Earth Magic
  2607 | Lair:4   | Noticed a death yak
  2607 | Lair:4   | Noticed a death yak
  2607 | Lair:4   | Noticed a death yak
  2607 | Lair:4   | Noticed a death yak
  2757 | Lair:2   | Found a staircase to the Snake Pit.
  2833 | Lair:3   | You fall into a shaft and drop 1 floor!
  2851 | Lair:5   | Entered Level 5 of the Lair of Beasts
  2873 | Lair:4   | Reached skill level 5 in Summonings
  3021 | Lair:4   | Found a viscous altar of Jiyva.
  3021 | Lair:4   | Found a staircase to the Slime Pits.
  3029 | Lair:4   | Reached skill level 14 in Earth Magic
  3056 | Lair:4   | Identified the +12 scimitar "Hell-Harrower" {heavy, *Noise
                  | rPois Stlth+}
  3213 | Lair:5   | Reached skill level 5 in Long Blades
  3213 | Lair:5   | Reached XP level 13. HP: 93/99 MP: 10/26
  3231 | Lair:5   | Reached **** piety under Sif Muna
  3254 | Lair:5   | Noticed a six-headed hydra
  3270 | Lair:5   | Killed a six-headed hydra
  3390 | Lair:5   | Reached skill level 10 in Long Blades
  3426 | Lair:5   | Found a shimmering altar of Xom.
  3435 | Lair:5   | Noticed an eight-headed hydra
  3555 | Lair:5   | Found a burning altar of Makhleb.
  3707 | Lair:5   | Found a gateway to Hell.
  3721 | Lair:5   | Learned a level 4 spell: Olgreb's Toxic Radiance
  3769 | Lair:5   | Reached skill level 1 in Poison Magic
  3769 | Lair:5   | Reached XP level 14. HP: 105/105 MP: 14/27
  3947 | Lair:2   | Reached skill level 5 in Poison Magic
  4054 | D:10     | Reached ***** piety under Sif Muna
  4264 | D:12     | Found a basalt altar of Yredelemnul.
  4510 | D:7      | Received a gift from Sif Muna
  4536 | D:7      | Learned a level 8 spell: Ignition
  4538 | D:7      | Reached skill level 5 in Fighting
  4542 | D:7      | Bought a ring of see invisible for 225 gold pieces
  4646 | D:9      | Bought a scroll of identify for 20 gold pieces
  4646 | D:9      | Bought a scroll of identify for 20 gold pieces
  4701 | Lair:3   | Identified the +1 long sword of Terra Cotta {flame, Fragile
                  | Dex+3}
  4719 | Shoals:1 | Entered Level 1 of the Shoals
  4743 | Shoals:2 | Noticed a merfolk javelineer
  4762 | Shoals:2 | Killed a merfolk javelineer
  4766 | Shoals:2 | Noticed a merfolk impaler
  4774 | Shoals:2 | Noticed a merfolk impaler
  4788 | Shoals:1 | Killed from afar by a manticore

Illustrated notes

Levels and vault maps discovered:
D:1:      kilobyte_arrival_exit_the_forest, layout_rooms, serial_shops,
          nicolae_shop_real_fake_doors
D:2:      layout_loops_ring
D:3:      layout_loops_ring, lemuel_round_altar, serial_shops, shop
D:4:      layout_loops_ring, temple_doors_ab, uniq_sigmund
D:5:      minmay_thinvault, layout_rooms, dk_yredelemnul_ordeal, serial_shops,
          nicolae_shop_temple_entry_statues_fountains,
          kennysheep_generic_room_12
D:6:      layout_layer_cave, serial_shops, nicolae_shop_tiny_waterfront
D:7:      layout_basic, gammafunk_ghost_icy, serial_shops, shop,
          minmay_manual_monstrance, uniq_duvessa
D:8:      layout_rooms, uniq_psyche
D:9:      layout_basic, minmay_lair_entry_grove, david_orc_2,
          nicolae_specific_store
D:10:     layout_basic, mainiacjoe_overflow_24_doors, enter_bailey_5,
          grunt_decor_junction, minmay_misc_feat_x
D:11:     layout_rooms, kennysheep_opposing_triangles
D:12:     layout_cave_pools, yredelemnul_altar_generic
Temple:   nicolae_temple_bog_church
Lair:1:   minmay_lair_oklob_chamber, layout_cave_pods, enter_volcano_2,
          st_stairs_11, kennysheep_rathole, uniq_gastronok
Lair:2:   layout_long_grid, minmay_snake_entry_six_corridors,
          serial_bayou_shore_a, grunt_megastairs_4, uniq_sonja, uniq_harold
Lair:3:   layout_hall_layers, minmay_shoals_entry_beasts
Lair:4:   layout_loops_ring, dpeg_slime_entry_enclosed,
          kennysheep_abandoned_house, lemuel_fruit_tree
Lair:5:   evil_forest, layout_regular_city, minivault_19, st_stairs_8,
          lemuel_centaur_altar, infiniplex_staircase_pool, serial_bayou_shore_b
Shoals:1: layout_shoals
Shoals:2: layout_shoals, nicolae_shoals_spectral_cove

Skill      XL: |  1  2  3  4  5  6  7  8  9 10 11 12 13 14 |
---------------+-------------------------------------------+-----
Earth Magic    | 4 5 6 7 9 10 12 14 | 14.0
Spellcasting   | 3 5 7 8 |  8.6
Transmutations | 2 |  2.0
Conjurations   | 3 4 5 7 8 |  8.1
Invocations    | 2 3 4 6 8 9 10 11 | 11.7
Fighting       | 1 3 4 7 |  7.5
Armour         | 1 4 5 |  5.4
Summonings     | 3 5 |  5.4
Long Blades    | 5 13 | 13.1
Poison Magic   | 1 7 |  7.1
Dodging        | |  2.4
Stealth        | |  1.4

Action                     |  1- 3 |  4- 6 |  7- 9 | 10-12 | 13-15 || total
---------------------------+-------+-------+-------+-------+-------++-------
  Melee: Unarmed           |     1 |       |       |       |       ||     1
         Dagger            |       |       |    21 |    21 |       ||    42
         Punch             |       |       |       |     1 |     2 ||     3
         Rapier            |       |       |       |    14 |       ||    14
         Scimitar          |       |       |       |    13 |   140 ||   153
         Bardiche          |       |       |       |       |     5 ||     5
   Fire: Shortbow          |       |       |       |     2 |       ||     2
  Throw: Throwing net      |       |       |       |     2 |     1 ||     3
         Dart              |       |       |       |       |     1 ||     1
   Cast: Sandblast         |    32 |    17 |    42 |   139 |    29 ||   259
         Passwall          |     2 |       |     5 |    13 |     9 ||    29
         Stone Arrow       |     1 |     2 |    35 |   128 |   137 ||   303
         Call Canine Famil |       |       |       |     2 |     1 ||     3
         Olgreb's Toxic Ra |       |       |       |       |    11 ||    11
         Ignition          |       |       |       |       |     1 ||     1
 Invoke: Channel Magic     |       |       |       |     1 |     1 ||     2
         Divine Exegesis   |       |       |       |       |     1 ||     1
  Evoke: Wand              |       |       |       |     7 |     2 ||     9
    Use: Scroll            |     5 |       |       |    10 |     9 ||    24
         Potion            |       |       |       |     3 |     2 ||     5
 Armour: Robe              |     6 |     1 |     4 |       |       ||    11
         Leather armour    |       |       |     7 |       |       ||     7
         Troll leather arm |       |       |     8 |   142 |   132 ||   282
         Skin              |       |       |       |       |    47 ||    47
  Dodge: Dodged            |     4 |     4 |    41 |   156 |   169 ||   374
  Block: Other             |     1 |     2 |    16 |       |       ||    19
